 Dungeon Sprint DCSS version 0.17-a0-1714-g35622ae (webtiles) character file.

1794 patman the Spry (level 9, -4/73 HPs)
             Began as a Naga Assassin on Aug 23, 2015.
             Was an Elder of Cheibriados.
             Slain by a cyan ugly thing (7 damage)
             ... in the Dungeon (Sprint IX: "|||||||||||||||||||||||||||||").
             The game lasted 00:02:30 (501 turns).

patman the Spry (Naga Assassin)                      Turns: 501, Time: 00:02:31

Health: -4/73      AC: 10    Str: 24    XL:     9   Next: 9%
Magic:  9/9        EV: 26    Int: 21    God:    Cheibriados [****..]
Gold:   0          SH:  0    Dex: 29    Spells: 0 memorised, 8 levels left

rFire  . . .     SeeInvis +     s - +2 rapier (elec)
rCold  . . .     Clarity  .     t - +2 ring mail
rNeg   . . .     SustAt   .     (no shield)
rPois  +         Gourm    .     (no helmet)
rElec  .         Spirit   .     d - +0 cloak
rCorr  .         Warding  .     (no gloves)
rMut   .         NoTele   +     (no barding)
MR     +....                    (no amulet)
Stlth  ++++......               v - +2 ring of protection
                                u - +3 ring of dexterity

@: very slightly contaminated, very slow, somewhat resistant to hostile
enchantments, stealthy
A: see invisible, deformed body, poison resistance, slowness 2, slow metabolism
1, spit poison 2, AC +3
a: Spit Poison, Bend Time, Temporal Distortion, Slouch, Renounce Religion


You were in the Dungeon.
You worshipped Cheibriados.
Cheibriados was greatly pleased with you.
You were not hungry.

You visited 1 branch

Inventory:

Hand weapons
 a - a +2 dagger
 b - a +0 blowgun
 r - a +2 dire flail of protection
 s - a +2 rapier of electrocution (weapon)
Missiles
 e - 8 poisoned needles
 f - 2 curare-tipped needles
Armour
 c - a +0 robe
 d - a +0 cloak (worn)
 i - a +0 plate armour
 t - a +2 ring mail (worn)
Jewellery
 u - a +3 ring of dexterity (left hand)
 v - a +2 ring of protection (right hand)
Magical devices
 q - a wand of fire (4)
Scrolls
 m - 2 scrolls of blinking
 o - 3 scrolls of remove curse
 p - 2 scrolls of amnesia
Potions
 h - 5 potions of curing
 j - a potion of haste
 k - 4 potions of magic
Comestibles
 g - a bread ration


   Skills:
 - Level 2.0 Fighting
 - Level 2.0 Short Blades
 - Level 1.7 Throwing
 * Level 15.6 Dodging
 - Level 7.1 Stealth


You had 8 spell levels left.
You didn't know any spells.

Dungeon Overview and Level Annotations

Branches:
Dungeon (1/1)

Altars:
Cheibriados
Dithmenos
Elyvilon
Fedhas
Gozag
Kikubaaqudgha
Makhleb
Nemelex Xobeh
Okawaru
Qazlal
Ru
Sif Muna
Trog
Vehumet
Xom
Yredelemnul
Zin
The Shining One
Beogh
Jiyva
Lugonu


Innate Abilities, Weirdness & Mutations

You cannot wear boots.
Your serpentine skin is tough (AC +3).
You have supernaturally acute eyesight.
Armour fits poorly on your strangely shaped body.
Your system is resistant to poisons.
You cover ground very slowly.
You have a slow metabolism.
You can spit poison.


Message History

Unknown command.
Evoke which item? (* to show all) (? for menu, Esc to quit)
Zapping:
q - a wand of fire (5)
Press: ? - help, Shift-Dir - straight line, f/p - cyan ugly thing
Aim: a cyan ugly thing (severely wounded)
The bolt of fire hits the cyan ugly thing.
The cyan ugly thing is almost dead.
The bolt of fire hits the worker ant.
You kill the worker ant!
Cheibriados thoroughly appreciates the change of pace.
Cheibriados raises the support of your attributes as your movement slows.
This wand has 4 charges left.
The cyan ugly thing headbutts you.
* * * LOW HITPOINT WARNING * * *
The cyan ugly thing shocks you!
* * * LOW HITPOINT WARNING * * *
Use which ability? (? or * to list)
You fail to use your ability.
The cyan ugly thing misses you.
Use which ability? (? or * to list)
You fail to use your ability.
The cyan ugly thing headbutts you!
You die... ▓▓▓▓▓▓▓▓▓▓▓▓▓▓▓▓▓▓▓▓▓▓ +...u@.).....)'...[[)| ▓▓▓▓▓▓▓▓▓▓▓▓▓▓▓▓▓▓▓▓▓▓

You could see a cyan ugly thing.

Vanquished Creatures
  2 hill giants (D)
  A black mamba (shapeshifter) (D)
  A yak (D)
  A water moccasin (D)
  An orc warrior (D)
  A scorpion (D)
  A hound (D)
  5 worker ants (D)
  A gnoll (D)
  An adder (D)
  2 hobgoblins (D)
  2 giant cockroaches (D)
  A goblin (D)
  A kobold (D)
21 creatures vanquished.

Notes
Turn   | Place    | Note
--------------------------------------------------------------
     0 | D        | patman the Naga Assassin began the quest for the Orb.
     0 | D        | Reached XP level 1. HP: 19/19 MP: 1/1
     9 | D        | Reached skill level 6 in Stealth
    14 | D        | Reached skill level 7 in Stealth
    17 | D        | Reached skill level 1 in Dodging
    78 | D        | Noticed a scorpion
    78 | D        | Noticed a worker ant
    78 | D        | Noticed a worker ant
    85 | D        | Killed a worker ant
    85 | D        | Reached XP level 2. HP: 26/26 MP: 2/2
    85 | D        | Reached XP level 3. HP: 32/32 MP: 3/3
    88 | D        | Killed a worker ant
    88 | D        | Reached skill level 5 in Dodging
    94 | D        | Killed a scorpion
    94 | D        | Reached XP level 4. HP: 24/39 MP: 4/4
    99 | D        | Reached XP level 5. HP: 12/45 MP: 5/5
   118 | D        | Found a glowing silver altar of Zin.
   118 | D        | Found a glowing golden altar of the Shining One.
   118 | D        | Found an ancient bone altar of Kikubaaqudgha.
   118 | D        | Found a basalt altar of Yredelemnul.
   118 | D        | Found a shimmering altar of Xom.
   118 | D        | Found a radiant altar of Vehumet.
   119 | D        | Found an iron altar of Okawaru.
   120 | D        | Found a burning altar of Makhleb.
   121 | D        | Found a deep blue altar of Sif Muna.
   122 | D        | Found a bloodstained altar of Trog.
   123 | D        | Found a sparkling altar of Nemelex Xobeh.
   124 | D        | Found a white marble altar of Elyvilon.
   125 | D        | Found a roughly hewn altar of Beogh.
   126 | D        | Found a viscous altar of Jiyva.
   127 | D        | Found a corrupted altar of Lugonu.
   128 | D        | Found a blossoming altar of Fedhas.
   129 | D        | Found a snail-covered altar of Cheibriados.
   130 | D        | Found a shadowy altar of Dithmenos.
   131 | D        | Found a stormy altar of Qazlal.
   132 | D        | Found an opulent altar of Gozag.
   133 | D        | Found a sacrificial altar of Ru.
   161 | D        | Became a worshipper of Cheibriados the Contemplative
   315 | D        | Noticed an orc warrior
   315 | D        | Noticed a worker ant
   315 | D        | Noticed a yak
   315 | D        | Noticed a worker ant
   315 | D        | Noticed a water moccasin
   317 | D        | Killed a water moccasin
   317 | D        | Reached skill level 9 in Dodging
   321 | D        | Killed a worker ant
   321 | D        | Acquired Cheibriados's first power
   321 | D        | Reached XP level 6. HP: 49/52 MP: 6/6
   326 | D        | Killed a yak
   326 | D        | Reached skill level 11 in Dodging
   330 | D        | Killed a worker ant
   342 | D        | Killed an orc warrior
   342 | D        | Acquired Cheibriados's second power
   342 | D        | Reached skill level 12 in Dodging
   342 | D        | Reached XP level 7. HP: 35/60 MP: 7/7
   460 | D        | Noticed a cyan ugly thing
   460 | D        | Noticed a worker ant
   460 | D        | Noticed a hill giant
   460 | D        | Noticed a hill giant
   460 | D        | Noticed a black mamba
   460 | D        | Noticed a hound
   465 | D        | Killed a hound
   468 | D        | Killed a black mamba
   468 | D        | Acquired Cheibriados's third power
   468 | D        | Reached skill level 13 in Dodging
   468 | D        | Reached XP level 8. HP: 53/67 MP: 8/8
   476 | D        | Killed a hill giant
   476 | D        | Reached skill level 14 in Dodging
   484 | D        | Killed a hill giant
   484 | D        | Reached skill level 15 in Dodging
   484 | D        | Reached XP level 9. HP: 62/73 MP: 9/9
   499 | D        | Killed a worker ant
   499 | D        | HP: 2/73 [cyan ugly thing (14)]
   501 | D        | Slain by a cyan ugly thing

Vault maps used:
D:        linesprint

Action                   |  1- 3 |  4- 6 |  7- 9 || total
-------------------------+-------+-------+-------++-------
Melee: Dagger            |    28 |    13 |       ||    41
       Rapier            |       |    25 |    31 ||    56
Evoke: Wand              |       |       |     3 ||     3
  Use: Potion            |     2 |     1 |     2 ||     5
 Stab: Sleeping          |       |     1 |       ||     1
       Invisible         |       |       |     7 ||     7
